 Dungeon Crawl Stone Soup version 0.26-a0-648-g87339cca5e (webtiles) character file.

Game seed: 2719384349590499946

322 Gargoyl the Skirmisher (level 6, 0/53 HPs)
             Began as a Gnoll Abyssal Knight on Sept 25, 2020.
             Was a Priest of Lugonu.
             Succumbed to a worker ant's poison
             ... on level 4 of the Dungeon.
             The game lasted 00:04:05 (3288 turns).

Gargoyl the Skirmisher (Gnoll Abyssal Knight)       Turns: 3288, Time: 00:04:05

Health: 0/53       AC:  7    Str: 16    XL:     6   Next: 47%
Magic:  9/9        EV: 10    Int: 15    God:    Lugonu [***...]
Gold:   142        SH:  4    Dex: 14    Spells: 9/9 levels left

rFire    + . .     SeeInvis .   a - +2 hand axe (drain)
rCold    . . .     Faith    .   m - +0 buckler
rNeg     . . .     Spirit   .   g - +0 scale mail
rPois    .         Reflect  .   (no helmet)
rElec    .         Harm     .   (no cloak)
rCorr    .         Rampage  .   (no gloves)
MR       .....     Rnd*Tele +   (no boots)
Stlth    +.........             (no amulet)
HPRegen  0.17/turn              c - ring of protection from fire
MPRegen  0.11/turn              d - ring of teleportation

@: lethally poisoned (0 -> -11), stab, hasted, very quick
A: distributed training, fangs 1, strong nose
a: Depart the Abyss, Bend Space, Banish, Renounce Religion


You were on level 4 of the Dungeon.
You worshipped Lugonu.
Lugonu was most pleased with you.
You visited 1 branch of the dungeon, and saw 4 of its levels.
You visited the Abyss 1 time.

You collected 142 gold pieces.

Inventory:

Hand Weapons
 a - a +2 hand axe of draining (weapon)
Missiles
 l - 7 boomerangs (quivered)
 t - 11 poisoned darts
Armour
 g - a +0 scale mail (worn)
 m - a +0 buckler (worn)
 o - a +0 chain mail
Jewellery
 c - a ring of protection from fire (left hand)
 d - a ring of teleportation (right hand)
 n - an uncursed ring of resist corrosion {unknown}
 p - a +6 ring of strength
Scrolls
 b - a scroll of fog
 f - 2 scrolls of magic mapping
 i - a scroll of enchant armour
 r - a scroll of identify


   Skills:
 + Level 6.8 Fighting
 + Level 2.0 Short Blades
 + Level 2.0 Long Blades
 + Level 5.0 Axes
 + Level 2.0 Maces & Flails
 + Level 2.0 Polearms
 + Level 2.0 Staves
 + Level 2.0 Slings
 + Level 2.0 Bows
 + Level 2.0 Crossbows
 + Level 2.0 Throwing
 + Level 5.0 Armour
 + Level 3.2 Dodging
 + Level 2.0 Stealth
 + Level 2.0 Shields
 + Level 2.0 Unarmed Combat
 + Level 2.0 Spellcasting
 + Level 1.5 Conjurations
 + Level 1.5 Hexes
 + Level 1.5 Summonings
 + Level 1.5 Necromancy
 + Level 1.5 Translocations
 + Level 1.5 Transmutations
 + Level 1.5 Fire Magic
 + Level 1.5 Ice Magic
 + Level 1.5 Air Magic
 + Level 1.5 Earth Magic
 + Level 1.5 Poison Magic
 + Level 5.1 Invocations
 + Level 2.0 Evocations


You had 9 spell levels left.
You didn't know any spells.
Your spell library was empty.

Dungeon Overview and Level Annotations

Branches:
Dungeon (4/15)
 Temple: D:4-7

Altars:

Annotations:
D:3 angryZebra's ghost, amateur DrVM


Innate Abilities, Weirdness & Mutations

Your experience applies equally to all skills.
You have very sharp teeth.
Your uncanny sense of smell can sniff out nearby items.


Message History

Your Long Blades skill increases to level 2!
Your Maces & Flails skill increases to level 2!
Your Polearms skill increases to level 2!
Your Staves skill increases to level 2!
Your Slings skill increases to level 2!
Your Bows skill increases to level 2!
Your Crossbows skill increases to level 2!
Your Throwing skill increases to level 2!
Your Stealth skill increases to level 2!
Your Shields skill increases to level 2!
Your Unarmed Combat skill increases to level 2!
Your Spellcasting skill increases to level 2!
Your Evocations skill increases to level 2!
* * * LOW HITPOINT WARNING * * *
You feel sick.
Unknown command.
Unknown command.
You aren't carrying any potions.
* * * LOW HITPOINT WARNING * * *
You feel sick.
You die...

## ##... ##.....
###§..^...
##§§§§.....
#§§§§§.....
##§.§§§.....
#.@§§.......
#......#.........
...##..##........
. ##. ##.......
.. #...... ..
#..... ... ####
..$


There were no monsters in sight!

Vanquished Creatures
  A phantom (D:3)
  An orc priest (D:4)
  A hound (D:3)
  An orc wizard (D:4)
  A worker ant (D:4)
  5 adders
  A worm (D:3)
  A dart slug (D:3)
  2 leopard geckos
  9 orcs
  6 bats
  2 giant cockroaches (D:1)
  5 goblins
  5 hobgoblins
  4 jackals (D:1)
  A quokka (D:3)
  4 ball pythons
  A frilled lizard (D:3)
  7 kobolds
  14 rats
72 creatures vanquished.

Notes
Turn   | Place    | Note
-------+----------+-------------------------------------------
     0 | Abyss:1  | Gargoyl the Gnoll Abyssal Knight began the quest for the
                  | Orb.
     0 | Abyss:1  | Reached XP level 1. HP: 23/23 MP: 3/3
    30 | Abyss:2  | Found a corrupted altar of Lugonu.
    61 | Abyss:2  | Noticed a smoke demon
    62 | D:1      | Escaped the Abyss
   148 | D:1      | Reached * piety under Lugonu
   224 | D:1      | Reached XP level 2. HP: 27/29 MP: 5/5
   766 | D:1      | Reached XP level 3. HP: 35/35 MP: 6/6
   800 | D:1      | Reached ** piety under Lugonu
  1455 | D:2      | Reached skill level 1 in Short Blades
  1455 | D:2      | Reached skill level 1 in Long Blades
  1455 | D:2      | Reached skill level 1 in Maces & Flails
  1455 | D:2      | Reached skill level 1 in Polearms
  1455 | D:2      | Reached skill level 1 in Staves
  1455 | D:2      | Reached skill level 1 in Slings
  1455 | D:2      | Reached skill level 1 in Bows
  1455 | D:2      | Reached skill level 1 in Crossbows
  1455 | D:2      | Reached skill level 1 in Throwing
  1455 | D:2      | Reached skill level 1 in Stealth
  1455 | D:2      | Reached skill level 1 in Shields
  1455 | D:2      | Reached skill level 1 in Unarmed Combat
  1455 | D:2      | Reached skill level 1 in Spellcasting
  1455 | D:2      | Reached skill level 1 in Evocations
  1752 | D:2      | Reached XP level 4. HP: 41/41 MP: 7/7
  2486 | D:3      | Reached skill level 1 in Conjurations
  2486 | D:3      | Reached skill level 1 in Hexes
  2486 | D:3      | Reached skill level 1 in Summonings
  2486 | D:3      | Reached skill level 1 in Necromancy
  2486 | D:3      | Reached skill level 1 in Translocations
  2486 | D:3      | Reached skill level 1 in Transmutations
  2486 | D:3      | Reached skill level 1 in Fire Magic
  2486 | D:3      | Reached skill level 1 in Ice Magic
  2486 | D:3      | Reached skill level 1 in Air Magic
  2486 | D:3      | Reached skill level 1 in Earth Magic
  2486 | D:3      | Reached skill level 1 in Poison Magic
  2495 | D:3      | Reached XP level 5. HP: 42/47 MP: 8/8
  2721 | D:3      | Noticed a phantom
  2758 | D:3      | Killed a phantom
  2758 | D:3      | Reached skill level 5 in Invocations
  2758 | D:3      | Reached XP level 6. HP: 39/53 MP: 9/9
  3026 | D:3      | Found a runed translucent gate.
  3027 | D:3      | Found a runed translucent gate.
  3027 | D:3      | Noticed angryZebra's ghost (amateur DrVM)
  3028 | D:3      | Found a runed translucent gate.
  3281 | D:4      | Reached *** piety under Lugonu
  3281 | D:4      | Reached skill level 5 in Axes
  3281 | D:4      | Reached skill level 5 in Armour
  3286 | D:4      | HP: 2/53 [poisoned by a worker ant]
  3288 | D:4      | Succumbed to a worker ant's poison

Illustrated notes

Levels and vault maps discovered:
D:1:      ncdulo_wetmaze, layout_basic, minmay_octomino_j4
D:2:      layout_basic
D:3:      layout_basic, gammafunk_ghost_nasty_kobolds
D:4:      layout_cave_pods, kennysheep_mini, gammafunk_temple_overflow_statue

Skill      XL: |  1  2  3  4  5  6 |
---------------+-------------------+-----
Short Blades   | 1 2 |  2.0
Long Blades    | 1 2 |  2.0
Maces & Flails | 1 2 |  2.0
Polearms       | 1 2 |  2.0
Staves         | 1 2 |  2.0
Slings         | 1 2 |  2.0
Bows           | 1 2 |  2.0
Crossbows      | 1 2 |  2.0
Throwing       | 1 2 |  2.0
Stealth        | 1 2 |  2.0
Shields        | 1 2 |  2.0
Unarmed Combat | 1 2 |  2.0
Spellcasting   | 1 2 |  2.0
Evocations     | 1 2 |  2.0
Conjurations   | 1 |  1.5
Hexes          | 1 |  1.5
Summonings     | 1 |  1.5
Necromancy     | 1 |  1.5
Translocations | 1 |  1.5
Transmutations | 1 |  1.5
Fire Magic     | 1 |  1.5
Ice Magic      | 1 |  1.5
Air Magic      | 1 |  1.5
Earth Magic    | 1 |  1.5
Poison Magic   | 1 |  1.5
Dodging        | 3 |  3.2
Invocations    | 5 |  5.1
Axes           | 5 |  5.0
Armour         | 5 |  5.0
Fighting       | |  6.8

Action                   |  1- 3 |  4- 6 || total
-------------------------+-------+-------++-------
Melee: Hand axe          |    65 |    78 ||   143
       Bite              |     4 |     9 ||    13
Throw: Boomerang         |       |     5 ||     5
Invok: Depart the Abyss  |     1 |       ||     1
  Use: Scroll            |     5 |     6 ||    11
       Potion            |       |     7 ||     7
Armor: Leather armour    |     8 |       ||     8
       Scale mail        |    26 |    28 ||    54
Dodge: Dodged            |    40 |    52 ||    92
Block: Buckler           |       |    16 ||    16

Table legend: (Time is in decaauts)
 A = Elapsed time spent in this place.
 B = Non-inter-level travel time spent in this place.
 C = Inter-level travel time spent in this place.
 D = Time resting spent in this place.
 E = Time spent auto-exploring this place.
 F = Levels seen in this place.
 G = Mean time per level.
                   A        B        C        D        E       F      G
               +--------+--------+--------+--------+--------+-----+--------+
         Total |   3296 |   3167 |    129 |    373 |   2301 |   6 |  549.3 |
       Dungeon |   3234 |   3105 |    129 |    373 |   2256 |   4 |  808.5 |
         Abyss |     61 |     61 |      0 |      0 |     45 |   2 |   30.5 |
               +--------+--------+--------+--------+--------+-----+--------+

Top non-repeatable levels by time:
     D:1: 1129 daAuts
     D:2: 1124 daAuts
     D:3: 963 daAuts
 Abyss:2: 31 daAuts
 Abyss:1: 30 daAuts
     D:4: 17 daAuts
